nht, chaotic female elven Wizard / % % $ % %( ------- % | % ...@..D % * ! |}---------X----- ------I-X---- |}}}}}}|........|(!%%[%%%% +...I.E.....|))))))) ! ******* |.....}|........|[[!%%%%%[ |.I.....R...|) )) )) ******* |.....}|........|----------|.........Z.| / ` |.....#....{....-....................\R -----.....}|........|----------|I.......H..| ...........}|........|%%%%%/[%% |........HR.|%%%%%%% [[[[[[[ -----}}}}}}|........|%(![(%%%% +........MZT|%%%%%%% ! [[[[[[[ |}--------------- ------+------ | % [ % % % % nht the Thaumaturge Experience level: 8 Strength: 14 Dexterity: 11 Constitution: 15 Intelligence: 19 Wisdom: 10 Charisma: 12 Health: 0(56) Energy: 31(89) Def: 1 Gold: 4332 Moves: 1670 Dungeon seed: vghv8_oODiuum220 Game ID: nht_1433412625 Your Inventory: Coins $ - 4332 gold pieces Weapons a - a blessed +1 quarterstaff B - 9 +0 darts X - 11 +0 arrows Armor e - an uncursed +0 cloak of magic resistance (being worn) Comestibles s - an uncursed food ration w - an uncursed eucalyptus leaf Scrolls j - 2 uncursed scrolls of remove curse k - an uncursed scroll of enchant armor A - a blessed scroll of identify G - a cursed scroll of create monster H - 2 uncursed scrolls of identify O - a blessed scroll of confuse monster Q - a blessed scroll of destroy armor R - an uncursed scroll of light T - an uncursed scroll of teleportation U - a cursed scroll of identify V - an uncursed scroll of confuse monster W - an uncursed scroll of fire Spellbooks m - a blessed spellbook of magic missile n - an uncursed spellbook of slow monster Y - a blessed spellbook of sleep Potions l - a potion of unholy water named 1 r - an uncursed potion of extra healing D - a potion of unholy water L - a cursed potion of restore ability Rings c - an uncursed +3 ring of increase damage (on left hand) d - an uncursed ring of shock resistance Wands b - a wand of opening (0:4) J - a wand of lightning (0:5) K - a wand of enlightenment (0:10) Tools f - an uncursed leather drum i - an uncursed brass lantern (lit) (0:114) o - a magic marker (0:2) p - a cursed magic harp (0:4) t - an uncursed blindfold v - an uncursed skeleton key x - a +0 pick-axe (weapon in hand) z - 13 uncursed tallow candles (0:200) M - 3 cursed wax candles (0:400) P - an uncursed magic whistle Gems q - an uncursed touchstone N - an uncursed worthless piece of violet glass Spells known in the end: Name Level Category Fail Memory a - force bolt 1 attack 0% 92% b - magic missile 2 attack 0% 92% c - slow monster 2 enchantment 0% 92% d - detect monsters 1 divination 0% 95% e - healing 1 healing 0% 95% f - sleep 1 enchantment 0% 100% Your skills at the end: Fighting Skills Weapon Skills quarterstaff [Basic] Spellcasting Skills attack spells [Basic] enchantment spells [Basic] Final Attributes: You were devoutly aligned. You were sleep resistant. You were magic-protected. You were telepathic. You had infravision. You had a +3 damage bonus. You are dead. Vanquished creatures: a lieutenant 8 soldiers a gnome king a dwarf lord 6 gnome lords a gnomish wizard 3 floating eyes 7 dwarves a hill orc 3 giant bats an orc zombie 2 hobbits a hobgoblin 3 cave spiders a brown mold 22 gnomes a jackal 2 grid bugs 65 creatures vanquished. Voluntary challenges: You used a wielded weapon 58 times, starting on turn 148. You read items or engraved 32 times, starting on turn 98. You never genocided any monsters. You never polymorphed an object. You never changed form. You used no wishes. You never split a pudding. You wrote Elbereth's name 18 times, starting on turn 179. You violated your moral code, losing 1 point of alignment, starting on turn 1069. You disabled loading bones files. Dungeon overview: The Dungeons of Doom: levels 1 to 29 Level 1 a sink a long staircase Level 2 stairs to The Gnomish Mines Level 3 Level 4 Level 5 (shopse) a fountain Level 6 Level 7 a potion shop Level 8 Level 9 (temple) Level 10 Level 11 Level 12 Level 13 (quest) a fountain Level 14 Level 15 (throne) a fountain Level 16 (bees) Level 17 Level 18 (shopne) Level 19 (temple) Level 20 Level 21 (bees) Level 22 (chauns) Level 23 Level 24 Level 25 (throne) Level 26 (graves) Level 27 Level 28 Level 29 <- You were here a fountain, a throne The Gnomish Mines: levels 3 to 5 Level 3 stairs to The Dungeons of Doom Level 4 Level 5 some shops, a temple to Anhur, some fountains History has recorded: On T:1 you entered the Dungeons of Doom to retrieve the Amulet of Yendor! On T:44 you reached level 2 of The Dungeons of Doom. On T:140 you reached level 1 of The Gnomish Mines. On T:148 you advanced to experience level 2. On T:163 you advanced to experience level 3. On T:186 you advanced to experience level 4. On T:332 you reached level 2 of The Gnomish Mines. On T:358 you reached level 3 of The Gnomish Mines. On T:421 you advanced to experience level 5. On T:722 you advanced to experience level 6. On T:905 you reached level 3 of The Dungeons of Doom. On T:923 you reached level 4 of The Dungeons of Doom. On T:941 you reached level 5 of The Dungeons of Doom. On T:988 you reached level 6 of The Dungeons of Doom. On T:1005 you reached level 7 of The Dungeons of Doom. On T:1133 you reached level 8 of The Dungeons of Doom. On T:1151 you reached level 9 of The Dungeons of Doom. On T:1211 you reached level 10 of The Dungeons of Doom. On T:1245 you reached level 11 of The Dungeons of Doom. On T:1263 you reached level 12 of The Dungeons of Doom. On T:1288 you reached level 13 of The Dungeons of Doom. On T:1292 you reached level 14 of The Dungeons of Doom. On T:1316 you reached level 15 of The Dungeons of Doom. On T:1346 you reached level 16 of The Dungeons of Doom. On T:1364 you reached level 17 of The Dungeons of Doom. On T:1381 you reached level 18 of The Dungeons of Doom. On T:1400 you reached level 19 of The Dungeons of Doom. On T:1418 you reached level 20 of The Dungeons of Doom. On T:1437 you reached level 21 of The Dungeons of Doom. On T:1441 you reached level 22 of The Dungeons of Doom. On T:1459 you reached level 23 of The Dungeons of Doom. On T:1480 you reached level 24 of The Dungeons of Doom. On T:1506 you reached level 25 of The Dungeons of Doom. On T:1539 you reached level 26 of The Dungeons of Doom. On T:1558 you reached level 27 of The Dungeons of Doom. On T:1562 you reached level 28 of The Dungeons of Doom. On T:1585 you reached The Castle. On T:1605 you advanced to experience level 7. On T:1614 you advanced to experience level 8. Score breakdown: Gold: 4332 (12371 points) Experience: 8 levels (14739 points) Exploration: 29 levels ( 59.18%) (22912 points) Discoveries: 11 items ( 3.99%) ( 5989 points) Valuables value: (no points given unless you survive) Artifact value: 0 ( 0 points) Variety of kills: 18 monsters ( 4.75%) ( 6537 points) Time penalty: 1670 turns ( 0 points) Survival: died (score multiplied by 80%) Total score: 50038 Latest messages: Something bites! You hear a mumbled curse. A monster appears from nowhere! Something casts a spell at you! You feel as if you need some help. You feel a malignant aura surround you. The Green-elf drinks a fizzy potion! The Green-elf seems more experienced. M - 3 uncursed candles. z - 8 uncursed candles. I - an uncursed harp. v - an uncursed key. x - an uncursed pick-axe. q - an uncursed stone called touch. N - an uncursed violet gem. A violet gem lands on the altar. Something bites! You die... Final status: Goodbye nht the Wizard, killed by an invisible golden naga... You died in The Dungeons of Doom on dungeon level 29 with 50038 points, and 4332 pieces of gold, after 1670 moves. You were level 8 with a maximum of 56 hit points when you died.